 Dungeon Crawl Stone Soup version 0.21-a0-401-g0b6bec4 (webtiles) character file.

74 wisey the Ruffian (level 4, -3/40 HPs)
             Began as a Minotaur Monk on Oct 24, 2017.
             Killed by divine providence
             ... invoked by an orc priest
              (12 damage)
             ... on level 2 of the Dungeon.
             The game lasted 00:10:06 (1273 turns).

wisey the Ruffian (Minotaur Monk)                   Turns: 1273, Time: 00:10:07

Health: -3/40      AC:  3    Str: 16    XL:     4   Next: 9%
Magic:  3/3        EV: 14    Int:  7    God:
Gold:   120        SH:  0    Dex: 13    Spells: 3/3 levels left

rFire    . . .     SeeInvis .     - Unarmed
rCold    . . .     Gourm    .   (no shield)
rNeg     . . .     Faith    .   a - +0 robe
rPois    .         Spirit   .   (helmet restricted)
rElec    .         Reflect  .   (no cloak)
rCorr    .         Harm     .   l - +0 pair of gloves
MR       .....                  (no boots)
Stlth    ++........             (no amulet)
HPRegen  0.13/turn              (no ring)
MPRegen  0.08/turn              (no ring)

@: no status effects
A: retaliatory headbutt, horns 2
a: no special abilities


You were on level 2 of the Dungeon.
You were full.

You visited 1 branch of the dungeon, and saw 2 of its levels.

You collected 120 gold pieces.

Inventory:

Hand Weapons
 c - a +0 club
Armour
 a - a +0 robe (worn)
 l - a +0 pair of gloves (worn)
Scrolls
 e - a scroll of remove curse {unknown}
 g - 2 scrolls of enchant armour {unknown}
 h - a scroll of enchant weapon {unknown}
 i - a scroll of noise {unknown}
 j - 3 scrolls of identify {unknown}
 m - a scroll of recharging {unknown}
 p - a scroll of amnesia {unknown}
Potions
 d - a potion of brilliance {unknown}
 k - a potion of lignification {unknown}
 n - a potion of agility {unknown}
 o - a potion of berserk rage {unknown}
Comestibles
 f - 3 meat rations
 q - a chunk of flesh


   Skills:
 + Level 4.0 Fighting
 * Level 4.0 Dodging
 - Level 1.5 Stealth
 * Level 4.6 Unarmed Combat


You had 3 spell levels left.
You didn't know any spells.

Dungeon Overview and Level Annotations

Branches:
Dungeon (2/15)

Altars:


Innate Abilities, Weirdness & Mutations

You reflexively headbutt those who attack you in melee.
You have a pair of horns on your head.


Message History

You closely miss the goblin. You headbutt the goblin.
You kill the goblin!
The orc priest hits you with a dagger.
You barely miss the orc priest.
You headbutt the orc priest, but do no damage.
The orc priest misses you.
You hit the orc priest.
The orc priest is moderately wounded.
The orc priest looks encouraged for a moment.
You closely miss the orc priest.
The orc priest is moderately wounded.
The orc priest mumbles some strange prayers to Beogh against you.
Pain shoots through your body!
* * * LOW HITPOINT WARNING * * *
The orc misses you.
The orc priest mumbles some strange prayers to Beogh against you.
You barely resist.
The orc priest invokes the aid of Beogh against you.
Beogh smites you!
You die...

###########...# #........#
#####.........#...# #........#
...##.............# #........#
...##....>........###........#
#.)##.<............)...?.....#
...............# #.(......#
##.#..........#######.....[..#
##.##.........##(..owo########
..............##@######
##..#.).......#..#
....#..÷......#.##
##.####..#......# .#.#
#.#.....###
...####...#...#####
#..........#.÷....#
##.####..#.#.#....########
.............#......##...##


You could see an orc priest, a dart slug and an orc.

Vanquished Creatures
  2 oozes (D:1)
  2 worms (D:2)
  A dart slug (D:2)
  A leopard gecko (D:2)
  2 orcs (D:2)
  3 ball pythons (D:1)
  6 bats
  3 giant cockroaches
  6 goblins
  5 hobgoblins (D:1)
  8 jackals (D:2)
  3 frilled lizards
  5 kobolds
  A rat (D:1)
48 creatures vanquished.

Notes
Turn   | Place    | Note
-------+----------+-------------------------------------------
     0 | D:1      | wisey the Minotaur Monk began the quest for the Orb.
     0 | D:1      | Reached XP level 1. HP: 19/19 MP: 0/0
   197 | D:1      | Reached XP level 2. HP: 27/27 MP: 1/1
   432 | D:1      | Reached XP level 3. HP: 32/33 MP: 2/2
  1212 | D:2      | Reached XP level 4. HP: 40/40 MP: 3/3
  1273 | D:2      | Killed from afar by an orc priest

Vault maps used:
D:1:      dpeg_arrival_short_road, minmay_misc_feat_doors

Skill      XL: |  1  2  3 |
---------------+----------+-----
Unarmed Combat | 4 |  4.6
Fighting       | 4 |  4.0
Dodging        | 4 |  4.0
Stealth        | |  1.5

Action                   |  1- 3 |  4- 6 || total
-------------------------+-------+-------++-------
Melee: Unarmed           |    92 |     8 ||   100
       Headbutt          |    15 |     2 ||    17
       Punch             |     1 |       ||     1
 Stab: Sleeping          |     2 |       ||     2
  Eat: Bread ration      |       |     1 ||     1
       Chunk             |       |     1 ||     1
Armor: Robe              |    25 |       ||    25
Dodge: Dodged            |    96 |     7 ||   103

Table legend:
 A = Spawn XP
 B = Non-spawn XP
 C = Spawn XP percentage of total XP
 D = Spawn monster count
 E = Non-spawn monster count
 F = Spawn count percentage of total count
 G = Total turns spent on level
                    A         B        C        D         E        F      G
               +---------+---------+-------+---------+---------+-------+---------
         Total |       0 |     106 |   0.0 |       0 |      48 |   0.0 |  1273
               +---------+---------+-------+---------+---------+-------+---------
           D:1 |       0 |      49 |   0.0 |       0 |      23 |   0.0 |   699
           D:2 |       0 |      57 |   0.0 |       0 |      25 |   0.0 |   574
               +---------+---------+-------+---------+---------+-------+---------
